 Dungeon Crawl Stone Soup version 0.27.0-1-g7a089689b8 (webtiles) character file.

Game seed: 14862004534791179849

35 hawla the Grave Robber (level 3, -3/19 HPs)
             Began as a Deep Elf Necromancer on Aug 2, 2021.
             Slain by a gnoll (6 damage)
             ... on level 2 of the Dungeon.
             The game lasted 00:04:35 (1694 turns).

hawla the Grave Robber (Deep Elf Necromancer)       Turns: 1694, Time: 00:04:36

Health: -3/19      AC:  2    Str:  5    XL:     3   Next: 16%
Magic:  9/9        EV: 13    Int: 20    God:
Gold:   52         SH:  0    Dex: 15    Spells: 7/8 levels left

rFire    . . .     SeeInvis .   h - +0 short sword
rCold    . . .     Faith    .   (no shield)
rNeg     . . .     Spirit   .   a - +0 robe
rPois    .         Reflect  .   (no helmet)
rElec    .         Harm     .   (no cloak)
rCorr    .         Rampage  .   (no gloves)
Will     .....                  (no boots)
Stlth    ++........             (no amulet)
HPRegen  0.06/turn              (no ring)
MPRegen  0.11/turn              (no ring)

@: no status effects
A: no striking features
a: no special abilities


You were on level 2 of the Dungeon.
You visited 1 branch of the dungeon, and saw 2 of its levels.

You collected 52 gold pieces.

Inventory:

Hand Weapons
 h - a +0 short sword (weapon)
Armour
 a - a +0 robe (worn)
Scrolls
 c - a scroll of amnesia
 f - a scroll of noise {unknown}
 i - a scroll of magic mapping {unknown}


   Skills:
 + Level 3.2 Dodging
 + Level 3.3 Stealth
 - Level 3.0 Spellcasting
 + Level 5.3 Necromancy


You had 7 spell levels left.
You knew the following spells:

 Your Spells              Type           Power      Damage    Failure   Level
a - Pain                  Necr           96%        1d8       1%          1

Your spell library contained the following spells:

 Spells                   Type           Power      Damage    Failure   Level
 Animate Skeleton         Necr           48%        N/A       1%          1
 Vampiric Draining        Necr           12%        2d7       4%          3
 Animate Dead             Necr           12%        N/A       16%         4
 Dazzling Flash           Conj/Hex       6%         N/A       38%         3
 Agony                    Necr           24%        N/A       41%         5
 Iskenderun's Mystic Bla  Conj/Tloc      3%         2d3       80%         4
 Silence                  Hex/Air        1%         N/A       98%         5
 Starburst                Conj/Fire      1%         8x6d3     100%        6


Dungeon Overview and Level Annotations

Branches:
Dungeon (2/15)

Altars:


Message History

A kobold comes into view. It is wielding a +0 short sword.
You see here a scroll labelled TULAS BIUS.
i - a scroll labelled TULAS BIUS
Casting: Pain (safe; 1% risk of failure)
Confirm with . or Enter, or press ? or * to list all spells.
Aiming: Pain (safe; 1% risk of failure)
Press: ? - help, Shift-Dir - straight line, f - kobold
Aim: a kobold, wielding a +0 short sword and quivering stones (wandering, hasn't noticed you, chance to affect: 93%)
The kobold shouts!
The kobold writhes in agony.
You kill the kobold!
A gnoll comes into view. It is wielding a +0 whip.
A gnoll is nearby!
A gnoll is nearby!
A gnoll is nearby!
A gnoll comes into view. It is wielding a +0 flail.
Casting: Pain (safe; 1% risk of failure)
Confirm with . or Enter, or press ? or * to list all spells.
Aiming: Pain (safe; 1% risk of failure)
Press: ? - help, Shift-Dir - straight line, f - gnoll
Aim: a gnoll, wielding a +0 whip and quivering a throwing net (wandering, hasn't noticed you, chance to affect: 88%)
The gnoll shouts!
The gnoll barely resists.
The gnoll shouts!
A gnoll comes into view. It is wielding a +0 flail.
As you read the scroll labelled ZUCICW COESK, it crumbles to dust.
The scroll dissolves into smoke.
It was a scroll of fog.
The gnoll barely misses you.
As you read the scroll labelled JOLUFUE WAFIKA, it crumbles to dust.
Your body is wracked with pain!
The gnoll convulses! x2
It was a scroll of torment.
The gnoll misses you.
This is a scroll of acquirement!
You see here a book of Decay.
Something appears at your feet! The gnoll hits you with a +0 whip.
* * * LOW HITPOINT WARNING * * *
The gnoll closely misses you.
Unknown command.
It was a potion of magic.
Magic courses through your body. The gnoll hits you with a +0 whip.
You die...

#####.#.#...###..
#..<#.#.#......
#.......#...# .
#...##..#.).# #[.
##..........#....
#####........#..
##§§§..§...#
#######§##..##..
#..§g§§g@§§.....
#g#####g§#..#.).
#§§§..#...
####...... .....
..... ... .


You could see 2 gnolls.

Vanquished Creatures
  5 endoplasms (D:1)
  A giant cockroach (D:1)
  6 goblins
  A hobgoblin (D:1)
  3 kobolds
  2 quokkas (D:1)
  A ball python (D:1)
  5 bats (D:1)
  3 frilled lizards (D:1)
  4 rats (D:1)
31 creatures vanquished.

Notes
Turn   | Place    | Note
-------+----------+-------------------------------------------
     0 | D:1      | hawla the Deep Elf Necromancer began the quest for the Orb.
     0 | D:1      | Reached XP level 1. HP: 10/10 MP: 6/6
   395 | D:1      | Reached skill level 5 in Necromancy
   477 | D:1      | Reached XP level 2. HP: 10/15 MP: 4/8
  1421 | D:1      | Reached XP level 3. HP: 15/19 MP: 5/9
  1693 | D:2      | Identified a scroll of acquirement
  1693 | D:2      | Acquired a book of Decay
  1694 | D:2      | Slain by a gnoll

Illustrated notes

Levels and vault maps discovered:
D:1:      psy_arrival_terrarium, layout_basic, minmay_misc_feat_more_columns,
          hex_medium
D:2:      layout_rooms

Skill      XL: |  1  2 |
---------------+-------+-----
Necromancy     | 5 |  5.3
Stealth        | 3 |  3.3
Dodging        | 3 |  3.2
Spellcasting   | |  3.0

Action                   || total
-------------------------++-------
Melee: Unarmed           ||     1
 Cast: Pain              ||    51
  Use: Scroll            ||     4
       Potion            ||     1
Armor: Robe              ||     3
Dodge: Dodged            ||    17
